 Dungeon Crawl Stone Soup version 0.29.1-13-g9f3cf754e1 (webtiles) character file.

Game seed: 16984186638925203890

135 cheesebisquit the Shooter (level 4, 0/36 (37) HPs)
             Began as a Minotaur Hunter on Jan 23, 2023.
             Slain by an orc wizard
             ... wielding a +0 dagger
              (3 damage)
             ... on level 3 of the Dungeon.
             The game lasted 00:07:00 (2341 turns).

cheesebisquit the Shooter (Minotaur Hunter)         Turns: 2341, Time: 00:07:01

HP:   0/36 (37)     AC:  3    Str: 15    XL:     4   Next: 97%
MP:   3/3           EV: 12    Int: 12    God:
Gold: 89            SH:  0    Dex: 16    Spells: 3/3 levels left

rFire   . . .      SeeInvis .   a - +0 shortbow
rCold   . . .      Faith    .   (shield currently unavailable)
rNeg    . . .      Spirit   .   c - +0 leather armour
rPois   .          Reflect  .   (helmet restricted)
rElec   .          Harm     .   (no cloak)
rCorr   .          Rampage  .   (no gloves)
Will    .....                   (no boots)
Stlth   ++........              (no amulet)
HPRegen 0.12/turn               e - +6 ring of intelligence
MPRegen 0.08/turn               (no ring)

@: lightly drained
A: horns 2, retaliatory headbutt
a: no special abilities


You were on level 3 of the Dungeon.
You visited 1 branch of the dungeon, and saw 3 of its levels.

You collected 89 gold pieces.

Inventory:

Hand Weapons
 a - a +0 shortbow (weapon)
Armour
 c - a +0 leather armour (worn)
Jewellery
 e - a +6 ring of intelligence (left hand)
Wands
 k - a wand of mindburst (11)
Scrolls
 b - 2 scrolls of immolation
 g - 2 scrolls of poison {unknown}
 h - a scroll of vulnerability {unknown}
 j - a scroll of enchant weapon {unknown}
 l - a scroll of teleportation {unknown}
 o - 2 scrolls of identify {unknown}
Potions
 d - a potion of brilliance {unknown}
 f - a potion of curing {unknown}
 i - 3 potions of ambrosia {unknown}
 m - a potion of invisibility {unknown}
 n - a potion of flight {unknown}


   Skills:
 - Level 2.5 Fighting
 + Level 6.8 Ranged Weapons
 - Level 2.2 Dodging
 - Level 0.8 Stealth


You had 3 spell levels left.
You didn't know any spells.
Your spell library contained the following spells:

 Spells                   Type           Power      Damage    Failure   Level
 Magic Dart               Conj           0%         1d3       38%         1
 Searing Ray              Conj           0%         2d4       52%         2
 Fulminant Prism          Conj/Hex       0%         3d6       99%         4


Dungeon Overview and Level Annotations

Branches:
Dungeon (3/15)

Altars:


Innate Abilities, Weirdness & Mutations

You have a pair of horns on your head.
You reflexively headbutt those who attack you in melee.


Message History

The magic dart hits you!
The orc throws a boomerang.
You shoot an arrow. The arrow hits the orc.
The orc is severely wounded.
The orc throws a boomerang of dispersal.
The boomerang of dispersal barely misses you.
The orc throws a boomerang.
The boomerang hits you. Something hits you.
The orc throws a boomerang of dispersal.
The boomerang of dispersal barely misses you.
You shoot an arrow. The arrow closely misses the orc.
Something hits you but does no damage.
You shoot an arrow. The arrow hits the orc!
You kill the orc!
You hear some strange, mumbled words.
Something tries to affect you, but you resist.
You shoot an arrow. The arrow completely misses the orc.
Something hits you.
You shoot an arrow. The arrow hits the orc.
The orc is heavily wounded.
Something hits you but does no damage.
You shoot an arrow. The arrow hits the orc!
You kill the orc!
Something hits you.
A magic dart appears from out of thin air!
The magic dart hits you!
Fire: a) +0 shortbow
Press: ? - help, Q - select action, (/) - cycle Shift-Dir - straight line You shoot an arrow.
Fire: a) +0 shortbow
Press: ? - help, Q - select action, (/) - cycle Shift-Dir - straight line You shoot an arrow.
You hear some strange, mumbled words.
A magic dart appears from out of thin air!
The magic dart hits you!
* * * LOW HITPOINT WARNING * * *
Fire: a) +0 shortbow
Press: ? - help, Q - select action, (/) - cycle Shift-Dir - straight line You shoot an arrow.
Something hits you.
* * * LOW HITPOINT WARNING * * *
Something hits you.
You die...

..##....†.................#
..##..................#.#+#
..........).......#####...
..................# #....
..................# .....
............).....# ...
..................#
..................#
...)...........{@.#
.........##########
.........# ########## #


There were no monsters in sight!

Vanquished Creatures
  A jelly (D:3)
  4 adders
  3 worms
  2 dart slugs (D:1)
  4 orcs (D:3)
  4 ball pythons
  4 endoplasms
  2 giant cockroaches
  4 goblins
  5 hobgoblins
  2 quokkas (D:2)
  7 bats
  2 frilled lizards (D:2)
  6 kobolds
  4 rats
54 creatures vanquished.

Notes
Turn   | Place    | Note
-------+----------+-------------------------------------------
     0 | D:1      | cheesebisquit the Minotaur Hunter began the quest for the
                  | Orb.
     0 | D:1      | Reached XP level 1. HP: 18/18 MP: 0/0
   335 | D:1      | Found a faded altar of an unknown god.
   352 | D:1      | Reached XP level 2. HP: 25/25 MP: 1/1
   536 | D:1      | Reached skill level 5 in Ranged Weapons
   997 | D:2      | Reached XP level 3. HP: 21/30 MP: 2/2
  1555 | D:2      | Reached skill level 6 in Ranged Weapons
  1555 | D:2      | Reached XP level 4. HP: 27/29 MP: 3/3
  2341 | D:3      | Slain by an orc wizard

Illustrated notes

Levels and vault maps discovered:
D:1:      dpeg_arrival_tiny_b, layout_loops_ring, serial_forest,
          infiniplex_forest_clump_tiny, infiniplex_forest_lined_2,
          infiniplex_forest_corner_1, infiniplex_forest_zigzag_2,
          infiniplex_forest_straight_3, infiniplex_forest_end_3,
          hellmonk_ecumenical_altar_arch_garden, chequers_serial_rivers_micro_a
D:2:      layout_basic
D:3:      layout_basic, uniq_robin

Skill      XL: |  1  2  3 |
---------------+----------+-----
Ranged Weapons | 5 6 |  6.8
Fighting       | |  2.5
Dodging        | |  2.2
Stealth        | |  0.8

Action                   |  1- 3 |  4- 6 || total
-------------------------+-------+-------++-------
 Fire: Shortbow          |   103 |    50 ||   153
Armor: Leather armour    |     7 |     5 ||    12
Dodge: Dodged            |    30 |    17 ||    47
